Map: Coda LE (Void)

Players

AgCl - Winner!

  • Race: Protoss Protoss

Legion

  • Race: Terran Terran

VOD

Have the link to the VOD?

Description

Time

  • Played on: May 1, 2015, 8 a.m.
  • Length: 8:57
Show
View Real Time Build Order
Export as new Build Order

AgCl Protoss - Winner!

Build Orders: Oracle Opening, Oracle Opening 

Get SALT Encoding   

  12  0:02  Probe  
  13  0:20  Probe, Pylon  
  14  0:35  Assimilator  
  14  0:43  Gateway  
  14  0:44  Probe  
  15  0:56  Probe  
  16  1:09  Probe (Chrono Boost)  
  16  1:16  Pylon  
  16  1:21  Probe (Chrono Boost)  
  17  1:30  Probe (Chrono Boost)  
  17  1:31  Zealot (Chrono Boost)  
  20  1:37  Cybernetics Core  
  20  1:38  Probe  
  21  1:50  Probe (Chrono Boost)  
  22  1:58  Assimilator  
  22  2:02  Probe (Chrono Boost)  
  23  2:11  Probe (Chrono Boost)  
  24  2:15  Stargate  
  24  2:19  Probe  
  25  2:33  Probe  
  26  2:52  Nexus  
  26  2:54  Probe  
  27  3:01  Oracle (Chrono Boost)  
  28  3:10  Probe (Chrono Boost)  
  29  3:13  Assimilator  
  30  3:20  Pylon  
  30  3:21  Probe (Chrono Boost)  
  30  3:25  Fleet Beacon  
  30  3:34  Pylon  
  30  3:41  Probe (Chrono Boost)  
  31  3:53  Probe (Chrono Boost)  
  32  4:00  Probe (Chrono Boost)  
  33  4:03  Void Ray (Chrono Boost)  
  37  4:10  Probe (Chrono Boost)  
  39  4:21  Probe (Chrono Boost)  
  39  4:22  Probe (Chrono Boost)  
  40  4:30  Probe (Chrono Boost)  
  42  4:31  Probe (Chrono Boost)  
  42  4:40  Probe (Chrono Boost)  
  45  4:47  Nexus  
  45  4:49  Mothership Core (Chrono Boost)  
  45  4:50  Phoenix (Chrono Boost)  
  45  4:52  Probe (Chrono Boost)  
  47  4:56  Pylon  
  45  5:03  Probe  
  44  5:12  Probe  
  43  5:15  Probe  
  43  5:19  Forge  
  44  5:24  Probe  
  44  5:25  Assimilator  
  44  5:39  Probe  
  45  5:44  Carrier (Chrono Boost)  
  45  5:47  Pylon  
  45  5:52  Photon Cannon  
  48  6:04  Assimilator  
  48  6:10  Probe (Chrono Boost), Assimilator  
  53  6:12  Probe (Chrono Boost), Photon Cannon  
  53  6:18  Probe  
  54  6:30  Graviton Catapult (Chrono Boost)  
  54  6:32  Probe (Chrono Boost)  
  55  6:36  Probe (Chrono Boost)  
  55  6:38  Probe (Chrono Boost)  
  55  6:39  Protoss Air Weapons Level 1 (Chrono Boost)  
  55  6:41  Probe (Chrono Boost)  
  55  6:42  Carrier (Chrono Boost)  
  55  6:46  Probe (Chrono Boost)  
  58  6:47  Probe (Chrono Boost)  
  58  6:49  Probe (Chrono Boost)  
  59  6:56  Probe (Chrono Boost)  
  59  6:59  Probe x2 (Chrono Boost)  
  62  7:02  Probe (Chrono Boost)  
  69  7:13  Robotics Facility  
  69  7:15  Probe (Chrono Boost)  
  70  7:21  Probe (Chrono Boost)  
  71  7:25  Cybernetics Core  
  73  7:40  Probe x2 (Chrono Boost)  
  74  7:48  Twilight Council  
  74  7:50  Photon Cannon  
  74  7:53  Pylon  
  74  7:55  Probe  
  74  7:57  Probe  
  81  8:09  Probe (Chrono Boost)  
  85  8:20  Mothership Core (Chrono Boost)  
  85  8:21  Probe (Chrono Boost)  
  85  8:25  Probe (Chrono Boost)  
  83  8:45  Photon Cannon  
  83  8:50  Photon Cannon  
  83  8:53  Templar Archives  
Show
View Real Time Build Order
Export as new Build Order

Legion Terran 

Build Orders: 1/1/1, Banshee Rush 

Get SALT Encoding   

  12  0:01  SCV  
  13  0:13  SCV  
  14  0:19  Supply Depot  
  14  0:25  SCV  
  15  0:33  Refinery  
  15  0:40  SCV  
  16  0:45  Barracks  
  16  0:53  SCV  
  17  1:05  SCV  
  18  1:17  SCV, Refinery  
  19  1:21  Supply Depot  
  19  1:29  SCV  
  20  1:36  Factory  
  20  1:37  Marine  
  21  1:47  Orbital Command  
  21  1:55  Marine  
  22  2:15  Barracks Tech Lab  
  22  2:19  SCV  
  22  2:22  Starport  
  23  2:33  SCV  
  22  3:04  Cyclone  
  22  3:05  Starport Tech Lab  
  25  3:07  Barracks Tech Lab  
  25  3:09  Barracks Reactor  
  25  3:20  SCV  
  25  3:23  Command Center  
  26  3:27  Cloaking Field  
  26  3:32  Banshee  
  29  3:34  Supply Depot  
  29  3:36  SCV  
  30  3:47  Marine  
  31  3:55  Marine  
  31  3:56  SCV  
  25  4:11  Bunker  
  25  4:13  Marine x2  
  23  4:18  Widow Mine  
  25  4:30  Marine  
  25  4:31  Marine  
  27  4:33  SCV  
  27  4:36  Banshee  
  31  4:48  Marine x2  
  30  5:18  SCV  
  30  5:20  Marine x2  
  30  5:38  SCV  
  31  5:43  Marine x2  
  33  5:52  Cyclone  
  33  5:54  SCV, Starport  
  37  6:07  Marine x2  
  39  6:13  Supply Depot  
  39  6:15  Supply Depot  
  39  6:25  Medivac  
  39  6:31  Factory Tech Lab  
  41  6:45  Barracks Reactor  
  41  6:48  SCV  
  41  6:50  Orbital Command  
  42  6:56  Supply Depot  
  42  7:02  Widow Mine  
  45  7:15  SCV  
  45  7:19  SCV  
  45  7:21  Supply Depot  
  46  7:24  Marine x2  
  46  7:26  Viking x2  
  46  7:27  SCV  
  50  7:47  Marine  
  50  7:48  Widow Mine, Marine  
  54  7:57  Viking  
  54  7:58  Viking  
  58  8:05  Marine x2  
  58  8:06  Engineering Bay  
  58  8:07  Barracks  
  58  8:08  SCV  
  58  8:52  Missile Turret  
Tags
 
Add a new tag
Caveats
  • Supply blocks, unpowered buildings, or Contaminate may cause inaccurate times.
  • Supply counts are checked every 10 seconds.